 Dungeon Crawl Stone Soup version 0.29-a0-330-g52719c12eb (webtiles) character file.

Game seed: 17994250965696136594

29020 gruber the Destroyer (level 13, -4/68 HPs)
             Began as a Deep Elf Conjurer on May 1, 2022.
             Was a Follower of Vehumet.
             Engulfed by a cloud of freezing vapour (17 damage)
             ... on level 3 of the Lair of Beasts.
             The game lasted 00:31:24 (17209 turns).

gruber the Destroyer (Deep Elf Conjurer)           Turns: 17209, Time: 00:31:25

Health: -4/68      AC: 18    Str:  4    XL:     13   Next: 12%
Magic:  22/31      EV: 13    Int: 29    God:    Vehumet [*.....]
Gold:   1061       SH:  0    Dex: 13    Spells: 21/36 levels left

rFire   . . .      SeeInvis .   z - staff of conjuration
rCold   . . .      Faith    .   (no shield)
rNeg    . . .      Spirit   .   x - +0 acid dragon scales
rPois   .          Reflect  .   C - +2 hat
rElec   .          Harm     .   P - +1 cloak
rCorr   +          Rampage  .   H - +2 pair of gloves
Will    ++...                   p - +0 pair of boots
Stlth   ++++......              r - amulet of magic regeneration
HPRegen 0.21/turn               u - ring of willpower
MPRegen 0.62/turn               F - +4 ring of protection

@: lethally poisoned (-4 -> -19)
A: no striking features
a: Renounce Religion


You were on level 3 of the Lair of Beasts.
You worshipped Vehumet.
Vehumet was aware of your devotion.
You visited 3 branches of the dungeon, and saw 16 of its levels.

You collected 1061 gold pieces.

Inventory:

Hand Weapons
 m - a +2 dagger of holy wrath
Missiles
 g - 3 curare-tipped darts
Armour
 p - a +0 pair of boots (worn)
 x - +0 acid dragon scales (worn)
 C - a +2 hat (worn)
 H - a +2 pair of gloves (worn)
 P - a +1 cloak (worn)
Magical Staves
 z - a staff of conjuration (weapon)
Jewellery
 r - an amulet of magic regeneration (around neck)
 u - a ring of willpower (left hand)
 F - a +4 ring of protection (right hand)
Wands
 a - a wand of polymorph (10)
 h - a wand of mindburst (10)
 A - a wand of flame (8)
 B - a wand of paralysis (25)
 E - a wand of iceblast (15)
 J - a wand of acid (7)
 M - a wand of charming (6)
Scrolls
 c - 27 scrolls of identify {unknown}
 e - 4 scrolls of holy word {unknown}
 i - 2 scrolls of enchant weapon {unknown}
 n - 4 scrolls of blinking {unknown}
 o - 2 scrolls of fog {unknown}
 q - 2 scrolls of magic mapping {unknown}
 t - 2 scrolls of silence {unknown}
 y - 3 scrolls of enchant armour {unknown}
 D - a scroll of vulnerability {unknown}
 G - 3 scrolls of immolation {unknown}
 I - 3 scrolls of teleportation {unknown}
 K - 4 scrolls of summoning {unknown}
 N - 2 scrolls of acquirement {unknown}
 R - 2 scrolls of brand weapon {unknown}
Potions
 b - a potion of magic
 d - 2 potions of attraction {unknown}
 f - a potion of heal wounds {unknown}
 j - 15 potions of curing {unknown}
 k - a potion of brilliance {unknown}
 l - 2 potions of resistance {unknown}
 s - 2 potions of flight {unknown}
 v - 3 potions of haste {unknown}
 w - a potion of cancellation {unknown}
 L - 3 potions of lignification {unknown}
 O - 2 potions of invisibility {unknown}
 Q - a potion of berserk rage {unknown}


   Skills:
 - Level 3.2 Fighting
 - Level 2.2 Armour
 - Level 9.1 Dodging
 - Level 11.5 Stealth
 - Level 12.0 Spellcasting
 - Level 14.3 Conjurations
 * Level 7.7 Ice Magic
 - Level 5.1 Air Magic
 - Level 7.0 Earth Magic


You had 21 spell levels left.
You knew the following spells:

 Your Spells              Type           Power      Damage    Failure   Level
a - Magic Dart            Conj           100%       1d8       1%          1
b - Searing Ray           Conj           100%       2d8       1%          2
c - Fulminant Prism       Conj/Hex       36%        3d18      3%          4
d - Stone Arrow           Conj/Erth      100%       3d13      1%          3
e - Freezing Cloud        Conj/Ice/Air   40%        6-21      4%          5

Your spell library contained the following spells:

 Spells                   Type           Power      Damage    Failure   Level
 Shock                    Conj/Air       100%       1d9       1%          1
 Static Discharge         Conj/Air       84%        N/A       1%          2
 Dazzling Flash           Conj/Hex       100%       N/A       1%          3
 Mephitic Cloud           Conj/Pois/Air  70%        N/A       1%          3
 Poisonous Vapours        Pois/Air       64%        N/A       3%          2
 Iskenderun's Mystic Bla  Conj/Tloc      73%        2d15      3%          4
 Sticky Flame             Conj/Fire      73%        2d9       3%          4
 Apportation              Tloc           34%        N/A       7%          1
 Beastly Appendage        Tmut           34%        N/A       7%          1
 Pain                     Necr           68%        1d7       7%          1
 Sting                    Tmut/Pois      68%        1d6       7%          1
 Sublimation of Blood     Necr           17%        N/A       11%         2
 Wereblood                Tmut           17%        N/A       11%         2
 Irradiate                Conj/Tmut      36%        3d25      11%         5
 Animate Armour           Summ/Erth      74%        N/A       17%         4
 Petrify                  Tmut/Erth      37%        N/A       17%         4
 Ignite Poison            Fire/Tmut/Pois 17%        N/A       22%         3
 Portal Projectile        Hex/Tloc       34%        N/A       22%         3
 Spider Form              Tmut/Pois      17%        N/A       22%         3
 Tukima's Dance           Hex            17%        N/A       22%         3
 Starburst                Conj/Fire      36%        6d11      50%         6
 Anguish                  Hex/Necr       8%         N/A       56%         4
 Dispel Undead            Necr           17%        3d10      56%         4
 Olgreb's Toxic Radiance  Pois           17%        N/A       56%         4
 Agony                    Necr           17%        N/A       89%         5
 Alistair's Intoxication  Tmut/Pois      11%        N/A       89%         5
 Blade Hands              Tmut           8%         N/A       89%         5
 Excruciating Wounds      Necr           8%         N/A       89%         5
 Lehudib's Crystal Spear  Conj/Erth      43%        10d11     99%         8
 Enfeeble                 Hex            8%         N/A       100%        7
 Summon Hydra             Summ           8%         N/A       100%        7


Dungeon Overview and Level Annotations

Branches:
Dungeon (12/15)            Temple (1/1) D:6            Lair (3/6) D:11
    Orc (0/2) D:9
  Swamp: Lair:2-4    Shoals: Lair:2-4     Snake: Lair:2-4    Spider: Lair:2-4

Altars:
Ashenzari
Dithmenos
Elyvilon
Gozag
Hepliaklqana
Kikubaaqudgha
Nemelex Xobeh
Okawaru
Qazlal
Ru
Sif Muna
Trog
Vehumet
Yredelemnul

Shops:
D:1 :!**   D:4 (([?   D:5 *   D:6 **   D:9 ((!

Annotations:
D:5 3 runed translucent doors, Finra's ghost, amateur GrFi


Message History

The six-headed hydra seems to slow down.
Unknown command.
Unknown command.
The six-headed hydra is engulfed in freezing vapours.
The six-headed hydra seems to slow down.
There is an open door here.
The black mamba is engulfed in freezing vapours.
The six-headed hydra is engulfed in freezing vapours.
There is an open door here.
The black mamba bites you!
You are poisoned.
The black mamba poisons you!
The black mamba attacks as you move away!
The black mamba bites you!
You feel very sick. The black mamba bites you!
Casting: Freezing Cloud (dangerous; 4% risk of failure)
Confirm with . or Enter, or press ? or * to list all spells.
Aiming: Freezing Cloud (dangerous; 4% risk of failure)
Press: ? - help, Dir - move target You feel a surge of power!
You feel very sick. The black mamba bites you!
* * * LOW HITPOINT WARNING * * *
Casting: Freezing Cloud (dangerous; 4% risk of failure)
Confirm with . or Enter, or press ? or * to list all spells.
Aiming: Freezing Cloud (dangerous; 4% risk of failure)
Press: ? - help, Dir - move target, f - six-headed hydra
Aim: a six-headed hydra (severely wounded, slow)
Okay, then.
Unknown command.
Unknown command.
Casting: Freezing Cloud (dangerous; 4% risk of failure)
Confirm with . or Enter, or press ? or * to list all spells.
Aiming: Freezing Cloud (dangerous; 4% risk of failure)
Press: ? - help, Dir - move target You feel a surge of power!
That beam is likely to hit you.
Continue anyway?
You are engulfed in freezing vapours.
You die...

...........# ......
###..#..##.# .....P#
###..##### ....P..## ##.P#
.........## ######...##
........#. ####§#P#..#..#
.........###§§§§..†<....#
.S...SD.##.#§§§§..P.....#
........#.D§§§S@........##
........'.##§§.§.........#
........####.§..........##
#.#....## #............P#
.#....# ##>...........##
#....## #.#...#..#+####
..#### ##.........######
+#....# #####'PP#....#.)#..#
......###P#................#


You could see a six-headed hydra (slow) and a black mamba.

Vanquished Creatures
  4 hydras
  An ice dragon (D:11)
  A boulder beetle (Lair:2)
  A centaur warrior (D:11)
  A catoblepas (D:11)
  A two-headed ogre (D:11)
  An anaconda (Lair:2)
  2 cyclopes
  3 black mambas
  4 elephants (Lair:2)
  A torpor snail (Lair:2)
  A gargoyle (D:11)
  6 cane toads
  2 rime drakes (Lair:2)
  4 komodo dragons
  A tengu conjurer (D:11)
  2 polar bears
  2 dream sheep (Lair:2)
  3 slime creatures (D:12)
  4 shadows
  2 wraiths
  3 wyverns
  35 yaks
  A vampire (D:11)
  2 basilisks
  5 vampire mosquitoes (D:11)
  A steam dragon (D:8)
  Menkaure (D:7)
  3 water moccasins
  2 acid dragons
  3 orc warriors
  6 sky beasts
  3 black bears
  2 ice beasts
  6 wolves
  2 ogres
  4 phantoms
  2 kobold brigands
  2 gnoll sergeants
  9 bullfrogs
  2 necrophages (D:7)
  4 scorpions
  13 wights
  A troll zombie (D:9)
  13 killer bees
  An electric eel (Lair:2)
  2 howler monkeys
  4 hounds
  3 jellies
  7 orc priests
  Crazy Yiuf (D:7)
  A gnoll shaman (D:6)
  5 iguanas
  A hell rat (Lair:2)
  11 orc wizards
  5 ogre zombies (D:9)
  13 adders
  12 gnolls
  A white imp (D:7)
  2 worms
  2 dart slugs
  28 orcs
  6 endoplasms
  5 giant cockroaches
  17 goblins
  8 hobgoblins
  4 jackals (D:1)
  2 quokkas
  12 ball pythons
  6 bats
  5 frilled lizards
  3 goblin skeletons (D:9)
  A hobgoblin zombie (D:9)
  19 kobolds
  3 orc skeletons (D:9)
  12 orc zombies (D:9)
  4 rats
  A fulminant prism (D:11)
379 creatures vanquished.

Vanquished Creatures (others)
  44 fulminant prisms
  13 fungi
  14 plants
  A withered plant (D:2)
72 creatures vanquished.

Grand Total: 451 creatures vanquished

Notes
Turn   | Place    | Note
-------+----------+-------------------------------------------
     0 | D:1      | gruber the Deep Elf Conjurer began the quest for the Orb.
     0 | D:1      | Reached XP level 1. HP: 10/10 MP: 6/6
    38 | D:1      | Found Tumaihe's Distillery.
   205 | D:1      | Found Nogh's General Store.
   348 | D:1      | Reached XP level 2. HP: 15/15 MP: 5/8
   390 | D:1      | Found Diopen's General Store.
   407 | D:1      | Reached skill level 5 in Conjurations
   762 | D:1      | Learned a level 2 spell: Searing Ray
   995 | D:1      | Reached XP level 3. HP: 20/20 MP: 4/9
  1048 | D:1      | Found Amaen's Book Emporium.
  1298 | D:2      | Reached skill level 1 in Fighting
  2099 | D:2      | Reached skill level 6 in Conjurations
  2099 | D:2      | Reached XP level 4. HP: 25/25 MP: 6/10
  2246 | D:2      | Noticed an ogre
  2252 | D:2      | Killed an ogre
  2253 | D:2      | Reached XP level 5. HP: 29/29 MP: 3/11
  2408 | D:2      | Found a faded altar of an unknown god.
  2456 | D:2      | Reached skill level 7 in Conjurations
  2498 | D:2      | Noticed a phantom
  2503 | D:2      | Killed a phantom
  2745 | D:3      | Reached XP level 6. HP: 8/34 MP: 1/12
  3032 | D:3      | Noticed a sky beast
  3050 | D:3      | Killed a sky beast
  3051 | D:3      | Reached skill level 8 in Conjurations
  3571 | D:3      | Reached skill level 9 in Conjurations
  4092 | D:3      | Reached XP level 7. HP: 38/38 MP: 4/14
  4510 | D:4      | Reached skill level 5 in Spellcasting
  4530 | D:4      | Found Tav Teu's Antique Armour Boutique.
  4607 | D:4      | Found Acoguewe's Magic Scroll Shoppe.
  5251 | D:4      | Found Foheugok's Weapon Shop.
  5309 | D:4      | Found Zerrel's Weapon Emporium.
  5461 | D:5      | Entered Level 5 of the Dungeon
  5473 | D:5      | Reached skill level 5 in Dodging
  5635 | D:5      | Noticed Finra's ghost (amateur GrFi)
  5640 | D:5      | Noticed a wyvern
  5646 | D:5      | Found a runed translucent gate.
  5646 | D:5      | Found a runed translucent gate.
  5646 | D:5      | Found a runed translucent gate.
  5664 | D:5      | Reached XP level 8. HP: 43/43 MP: 16/19
  5722 | D:5      | Learned a level 4 spell: Fulminant Prism
  5726 | D:5      | Learned a level 3 spell: Stone Arrow
  5752 | D:5      | Found Gaor's Fire Supplies.
  6272 | D:5      | Reached skill level 1 in Earth Magic
  6678 | D:6      | Found Teamuitu's Assorted Antiques.
  6699 | D:6      | Found a stormy altar of Qazlal.
  6714 | D:6      | Reached skill level 5 in Earth Magic
  6831 | D:6      | Found a staircase to the Ecumenical Temple.
  6911 | D:6      | Found Weqiofa's CLEARANCE SALE!.
  7188 | D:6      | Reached XP level 9. HP: 47/47 MP: 17/20
  7662 | D:7      | Noticed Menkaure
  7678 | D:8      | Found a sand-covered staircase.
  7892 | D:8      | Reached skill level 10 in Spellcasting
  8318 | D:8      | Reached skill level 10 in Conjurations
  8341 | D:7      | Killed Menkaure
  8565 | D:7      | Identified the +1 leather armour of the Trees {+Blink
                  | Str+3}
  8575 | D:7      | Reached XP level 10. HP: 52/52 MP: 17/26
  8638 | D:7      | Reached skill level 11 in Conjurations
  8842 | D:7      | Found a runed translucent door.
  8843 | D:7      | Noticed Crazy Yiuf
  9065 | D:7      | Killed Crazy Yiuf
  9602 | D:9      | Found Gisig's Antique Weapon Emporium.
  9660 | D:9      | Found Zaebryis's Weapon Boutique.
  9664 | D:9      | Reached skill level 12 in Conjurations
  9880 | D:9      | Found a staircase to the Orcish Mines.
 10395 | D:9      | Found Noewuab's Distillery.
 10552 | D:9      | Noticed a cyclops
 10556 | D:9      | Killed a cyclops
 10784 | D:10     | Entered Level 10 of the Dungeon
 12068 | D:11     | Noticed a six-headed hydra
 12080 | D:11     | Killed a six-headed hydra
 12081 | D:11     | Reached XP level 11. HP: 60/60 MP: 17/27
 12159 | D:11     | Noticed a two-headed ogre
 12166 | D:11     | Killed a two-headed ogre
 12167 | D:11     | Reached skill level 5 in Stealth
 12306 | D:11     | Noticed a catoblepas
 12314 | D:11     | Killed a catoblepas
 12409 | D:11     | Noticed an ice dragon
 12461 | D:11     | Found a staircase to the Lair.
 12627 | D:11     | Noticed a centaur warrior
 12652 | D:11     | Killed a centaur warrior
 12653 | D:11     | Reached skill level 10 in Stealth
 12936 | D:11     | Killed an ice dragon
 13007 | D:11     | Reached skill level 1 in Armour
 13272 | D:12     | Noticed a six-headed hydra
 13277 | D:12     | Killed a six-headed hydra
 13470 | D:12     | Reached skill level 13 in Conjurations
 13777 | D:12     | Noticed a boulder beetle
 13832 | Lair:1   | Entered Level 1 of the Lair of Beasts
 13857 | Lair:1   | Noticed a six-headed hydra
 13914 | Lair:1   | Killed a six-headed hydra
 13915 | Lair:1   | Reached XP level 12. HP: 64/64 MP: 19/28
 13978 | Lair:1   | Reached skill level 14 in Conjurations
 14186 | Lair:1   | Learned a level 5 spell: Freezing Cloud
 14352 | Lair:1   | Reached skill level 1 in Ice Magic
 14352 | Lair:1   | Reached skill level 1 in Air Magic
 14864 | Temple   | Entered the Ecumenical Temple
 14955 | Temple   | Became a worshipper of Vehumet
 15482 | Lair:2   | Reached skill level 5 in Ice Magic
 15635 | Lair:2   | Reached skill level 5 in Air Magic
 15997 | Lair:2   | Noticed a dire elephant
 16189 | Lair:2   | Noticed a boulder beetle
 16196 | Lair:2   | Killed a boulder beetle
 16337 | Lair:2   | Noticed a five-headed hydra
 16341 | Lair:2   | Killed a five-headed hydra
 16432 | Lair:2   | Reached * piety under Vehumet
 16432 | Lair:2   | Offered knowledge of Shock by Vehumet.
 16531 | Lair:2   | Found the +18 shield of the Gong {rElec rN+ Will+ EV-5}
 16531 | Lair:2   | Noticed an anaconda
 16534 | Lair:2   | Reached XP level 13. HP: 26/68 MP: 26/31
 17209 | Lair:3   | Engulfed by a cloud of freezing vapour

Illustrated notes

Levels and vault maps discovered:
D:1:      dpeg_arrival_pits, layout_basic, serial_shops, shop,
          nicolae_shop_hallway_plus, shop_fountains, shop, st_stairs_6,
          chequers_serial_rivers_micro_d
D:2:      layout_loops_ring, ebering_ecumenical_altar_petrified
D:3:      layout_basic, chequers_garden
D:4:      layout_basic, serial_shops, shop, shop_statue, shop, shop_fountains,
          minmay_ogre_servants
D:5:      layout_loops_cross, gammafunk_ghost_split, nicolae_shop_fire_sale
          [nicolae_sub_dead_trees]
D:6:      layout_loops_ring, grunt_qazlal_sundering,
          minmay_temple_entry_metal_lava, serial_shops, shop,
          minmay_misc_feat_room, moated_statue, nicolae_shop_clearance
D:7:      layout_rooms, uniq_crazy_yiuf_cottage, uniq_menkaure
D:8:      layout_rooms, enter_bailey_3, nicolae_ossuary_entry_monument,
          kennysheep_small_square
D:9:      layout_stronghold, zombieorc1_lemuel, serial_column_ruins,
          column_ruins_columns_straight, column_ruins_open_tiny,
          column_ruins_grid_3, serial_shops, kennysheep_mini,
          nicolae_diamond_shop, nicolae_shop_window_shopping
D:10:     layout_layer_cave
D:11:     layout_cave_pods, lair_entry_dummy, kb_rosetta
D:12:     layout_long_grid
Temple:   mainiacjoe_temple_circle_huts
Lair:1:   layout_regular_city
Lair:2:   layout_regular_city, nicolae_lair_lakeside_cave
Lair:3:   layout_roguey, spider_nest_entry_a, basic_altar, uniq_gastronok

Skill      XL: |  1  2  3  4  5  6  7  8  9 10 11 12 13 |
---------------+----------------------------------------+-----
Conjurations   | 5 6 7 9 10 12 13 14 | 14.3
Fighting       | 1 3 |  3.2
Spellcasting   | 6 10 12 | 12.0
Dodging        | 5 6 9 |  9.1
Earth Magic    | 7 |  7.0
Stealth        | 4 11 | 11.5
Armour         | 2 |  2.2
Ice Magic      | 6 7 |  7.7
Air Magic      | 5 |  5.1

Action                   |  1- 3 |  4- 6 |  7- 9 | 10-12 | 13-15 || total
-------------------------+-------+-------+-------+-------+-------++-------
Melee: Dagger            |       |     6 |     3 |       |       ||     9
       Staff             |       |       |       |     7 |       ||     7
 Cast: Magic Dart        |    83 |    85 |    78 |       |       ||   246
       Searing Ray       |       |     8 |    34 |    21 |       ||    63
       Stone Arrow       |       |       |    60 |   241 |     8 ||   309
       Fulminant Prism   |       |       |     5 |    40 |       ||    45
       Freezing Cloud    |       |       |       |     7 |     9 ||    16
Evoke: Wand              |       |       |       |       |     4 ||     4
Armor: Robe              |     1 |     2 |    12 |       |       ||    15
       Acid dragon scale |       |       |       |    66 |       ||    66
Dodge: Dodged            |     2 |    12 |    33 |   102 |     1 ||   150

Table legend: (Time is in decaauts)
 A = Elapsed time spent in this place.
 B = Non-inter-level travel time spent in this place.
 C = Inter-level travel time spent in this place.
 D = Time resting spent in this place.
 E = Time spent auto-exploring this place.
 F = Levels seen in this place.
 G = Mean time per level.
                   A        B        C        D        E       F      G
               +--------+--------+--------+--------+--------+-----+--------+
         Total |  17225 |  16084 |   1141 |     75 |  13967 |  16 | 1076.6 |
       Dungeon |  14084 |  13098 |    986 |     63 |  11507 |  12 | 1173.7 |
        Temple |    110 |     66 |     44 |      0 |     54 |   1 |  110.0 |
          Lair |   3030 |   2921 |    109 |     12 |   2406 |   3 | 1010.0 |
               +--------+--------+--------+--------+--------+-----+--------+

Top non-repeatable levels by time:
  Lair:2: 1742 daAuts
     D:3: 1476 daAuts
     D:9: 1454 daAuts
     D:1: 1440 daAuts
     D:2: 1432 daAuts
    D:11: 1348 daAuts
    D:10: 1301 daAuts
     D:6: 1194 daAuts
  Lair:1: 1141 daAuts
     D:4: 1113 daAuts
     D:5: 953 daAuts
     D:7: 918 daAuts
     D:8: 907 daAuts
    D:12: 543 daAuts
  Lair:3: 146 daAuts
